 Dungeon Crawl Stone Soup version 0.31-a0-833-gc15d34cb79 (webtiles) character file.

Game seed: 17814515206337727725

10843 javelincjr the Martial Artist (level 11, -20/83 HPs)
             Began as a Demonspawn Shapeshifter on Sept 25, 2023.
             Was an Elder of Qazlal.
             Demolished by a reaper
             ... wielding a +2 scythe of flaming
              (36 damage)
             ... on level 1 of the Abyss.
             The game lasted 00:32:54 (8945 turns).

javelincjr the Martial Artist (DsSh)                Turns: 8945, Time: 00:32:55

Health: -20/83     AC: 16    Str: 19    XL:     11   Next: 41%
Magic:  16/16      EV: 14    Int: 11    God:    Qazlal [****..]
Gold:   357        SH:  5    Dex: 19    Spells: 10/10 levels left

rFire   . . .        L - +10 long sword of Beogh's Brutal Revenge {flame, Str+3 Dex+3}
rCold   + + .        (no shield)
rNeg    . . .        N - +7 ring mail of the Vaults {Drain Fly Stlth+}
rPois   .            (helmet currently unavailable)
rElec   +            (cloak currently unavailable)
rCorr   .            (gloves currently unavailable)
SInv    +            (boots currently unavailable)
Will    .....        (no amulet)
Stlth   +            e - ring of protection from cold
HPRegen 0.33/turn    O - ring "Asche" {rElec SInv}
MPRegen 0.15/turn

%: repel missiles
@: beast-form, flying
A: beast (slay +4), claws 2, icy blue scales 3, powered by death 1, demonic
magic 2
a: Begin Untransformation, Renounce Religion, Upheaval, Elemental Force


You were on level 1 of the Abyss.
You worshipped Qazlal.
Qazlal was greatly pleased with you.
You were a hulking beast.
You visited 1 branch of the dungeon, and saw 10 of its levels.
You visited the Abyss 1 time.

You collected 571 gold pieces.
You spent 214 gold pieces at shops.

Inventory:

Hand Weapons
 z - the +1 short sword "Beetlebane" {protect, Will+ Int+5}
   (You found it on level 5 of the Dungeon)

   Int+5:     It affects your intelligence (+5).
   Will+:     It increases your willpower.
 F - a +4 quarterstaff of chaos
 L - the +10 long sword of Beogh's Brutal Revenge (weapon) {flame, Str+3 Dex+3}
   (You found it on level 7 of the Dungeon)

   Str+3:     It affects your strength (+3).
   Dex+3:     It affects your dexterity (+3).
Missiles
 g - 4 javelins
Armour
 j - a +1 animal skin
 k - a +0 helmet
 l - a +0 scale mail
 u - a +1 leather armour of willpower
 B - a +1 helmet of see invisible
 G - a +0 cloak
 I - a +8 chain mail of ponderousness
 N - the +7 ring mail of the Vaults (worn) {Drain Fly Stlth+}
   (You found it on level 7 of the Dungeon)

   Fly:       It grants you flight.
   Drain:     It drains your maximum health when unequipped.
   Stlth+:    It makes you more stealthy.
 R - a +2 robe of fire resistance
 S - a +2 hat
 T - the +0 hat of Wrong Decisions {rN++ Will- Dex+3 Stlth+}
   (You found it on level 8 of the Dungeon)

   Dex+3:     It affects your dexterity (+3).
   rN++:      It greatly protects you from negative energy.
   Will-:     It decreases your willpower.
   Stlth+:    It makes you more stealthy.
 W - the +1 chain mail of the Blessed Realm {rPois Regen+}
   (You found it on level 9 of the Dungeon)

   rPois:     It protects you from poison Regen+: It increases your rate of
   health regeneration.
Jewellery
 e - a ring of protection from cold (left claw)
 t - a ring of magical power
 v - a ring of see invisible
 y - a ring of protection from cold
 M - a +6 ring of intelligence
 O - the ring "Asche" (right claw) {rElec SInv}
   (You took it off an orc priest on level 7 of the Dungeon)

   [ring of see invisible]

   rElec:     It insulates you from electricity.
   SInv:      It lets you see invisible.
Talismans
 c - a beast talisman (active)
 d - a flux talisman
Wands
 m - a wand of flame (38)
 E - a wand of polymorph (11)
 K - a wand of roots (11)
Scrolls
 f - 2 scrolls of fog
 i - a scroll of enchant weapon {unknown}
 n - 2 scrolls of teleportation
 p - 2 scrolls of poison {unknown}
 q - 10 scrolls of identify
 r - 4 scrolls of amnesia {unknown}
 s - a scroll of revelation {unknown}
 x - 2 scrolls of brand weapon {unknown}
 A - 2 scrolls of immolation {unknown}
 J - a scroll of fear {unknown}
 P - a scroll of vulnerability {unknown}
 Q - a scroll of blinking {unknown}
 X - a scroll of acquirement {unknown}
Potions
 a - 6 potions of resistance {unknown}
 b - a potion of lignification
 h - a potion of invisibility {unknown}
 w - 2 potions of haste {unknown}
 C - 2 potions of brilliance {unknown}
 D - a potion of berserk rage {unknown}
 H - 2 potions of curing {unknown}
 U - a potion of ambrosia {unknown}
 V - a potion of attraction {unknown}


   Skills:
 + Level 6.9 Fighting
 + Level 4.0 Long Blades
 + Level 6.4 Dodging
 * Level 9.2 Unarmed Combat
 + Level 7.8 Invocations
 * Level 8.5 Shapeshifting


You had 10 spell levels left.
You didn't know any spells.
Your spell library contained the following spells:

 Spells                   Type           Power      Damage    Failure   Level
 Lesser Beckoning         Tloc           0%         N/A       67%         2
 Gell's Gravitas          Tloc           0%         N/A       88%         3
 Teleport Other           Tloc           0%         N/A       88%         3


Dungeon Overview and Level Annotations

Branches:
Dungeon (10/15)              Lair (0/5) D:8
 Temple: D:4-7          Orc: D:9-12

Altars:
Ashenzari
Dithmenos
Hepliaklqana
Kikubaaqudgha
Makhleb
Nemelex Xobeh
Okawaru
Qazlal
Ru
Sif Muna
Trog

Shops:
D:4 *   D:5 !:*

Annotations:
D:10 Sonja


Innate Abilities, Weirdness & Mutations

You are a hulking beast.
Your limbs bulge with bestial killing power. (Slay +4)
You have very sharp fingernails.
You are completely covered in icy blue scales. (AC +4, rC+)
You regenerate a little health from kills.
Spells you cast may paralyse nearby enemies.


Message History

You hit the large abomination. You burn the large abomination.
The large abomination is severely damaged.
The large abomination hits you.
* * * LOW HITPOINT WARNING * * *
You feel much better.
You block the large abomination's attack.
You hit the large abomination but do no damage.
The large abomination is severely damaged.
The large abomination hits you!!
* * * LOW HITPOINT WARNING * * *
The large abomination hits you but does no damage.
You feel much better. The large abomination hits you!
* * * LOW HITPOINT WARNING * * *
You hit the large abomination. You burn the large abomination.
The large abomination is almost destroyed.
The large abomination barely misses you.
You hit the large abomination but do no damage.
The large abomination is almost destroyed.
The large abomination closely misses you.
You slash the large abomination! You burn the large abomination.
You destroy the large abomination!
Qazlal accepts your kill.
You start resting.
You hear a shout!
A small abomination comes into view.
A reaper comes into view. It is wielding a +2 scythe of flaming.
A small abomination comes into view.
As you read the scroll of fog, it dissolves into smoke.
The small abomination is engulfed in freezing vapours.
The small abomination attacks as it pursues you!
The small abomination hits you.
* * * LOW HITPOINT WARNING * * *
You hit the small abomination. You burn the small abomination.
The small abomination is severely damaged.
The small abomination closely misses you. x2
You slice the small abomination!! You burn the small abomination.
You destroy the small abomination!
Qazlal accepts your kill.
The reaper hits you from afar with a +2 scythe of flaming!!!
You die...

.# . # ##. ...
... ## ..# ##
... .# .#.#
..##§#..#
......##§§§... #
#.#..#.##§§#.#.#
#...2.§§2°#x..#
#...#######§§#
#h## #.# #.# ###


You could see a reaper and a small abomination.

Vanquished Creatures
  A two-headed ogre (D:9)
  A thrashing horror (Abyss:1)
  A large abomination (Abyss:1)
  A sixfirhy (Abyss:1)
  Pikel (D:6)
  A smoke demon (Abyss:1)
  A troll (D:9)
  Prince Ribbit (D:7)
  A wraith (D:10)
  A spriggan (D:8)
  12 yaks
  A vampire (D:9)
  A fire bat (D:6)
  3 steam dragons
  2 wargs (D:8)
  2 small abominations (Abyss:1)
  5 water moccasins
  4 orc warriors
  2 black bears
  2 sky beasts (D:7)
  3 ogres
  A centaur (D:9)
  2 phantoms
  A gnoll sergeant (D:9)
  2 kobold brigands (D:7)
  3 bullfrogs
  3 scorpions
  9 wights
  4 killer bees (D:7)
  5 orc priests
  Crazy Yiuf (D:5)
  8 hounds
  3 jellies
  4 starcursed masses (Abyss:1)
  A sleepcap (D:8)
  3 iguanas (D:5)
  11 orc wizards
  Robin (D:2)
  16 gnolls
  7 adders
  2 white imps
  An ufetubus (D:7)
  5 dart slugs
  40 orcs
  5 bats
  8 endoplasms
  A giant cockroach (D:2)
  16 goblins
  9 hobgoblins
  11 jackals
  5 quokkas
  10 ball pythons
  4 frilled lizards
  14 kobolds
  2 rats
265 creatures vanquished.

Vanquished Creatures (others)
  An orc (D:8)
1 creature vanquished.

Grand Total: 266 creatures vanquished

Notes
Turn   | Place    | Note
-------+----------+-------------------------------------------
     0 | D:1      | javelincjr the Demonspawn Shapeshifter began the quest for
                  | the Orb.
     0 | D:1      | Reached XP level 1. HP: 15/15 MP: 1/1
   138 | D:1      | Gained mutation: You are partially covered in icy blue
                  | scales. (AC +2) [demonic ancestry]
   138 | D:1      | Reached XP level 2. HP: 19/21 MP: 2/2
   356 | D:1      | Reached skill level 3 in Unarmed Combat
   403 | D:1      | Gained mutation: You have sharp fingernails. [demonic
                  | ancestry]
   403 | D:1      | Reached XP level 3. HP: 21/26 MP: 3/3
   830 | D:2      | Noticed Robin
   862 | D:2      | Killed Robin
   995 | D:2      | Gained mutation: Spells you cast may paralyse adjacent
                  | enemies. [demonic ancestry]
   995 | D:2      | Reached XP level 4. HP: 21/33 MP: 4/4
  1774 | D:3      | Found an ancient bone altar of Kikubaaqudgha.
  2066 | D:4      | Found a broken altar of Ashenzari.
  2097 | D:4      | Noticed a scorpion
  2104 | D:4      | Killed a scorpion
  2105 | D:4      | Reached XP level 5. HP: 36/38 MP: 5/5
  2354 | D:4      | Reached skill level 4 in Unarmed Combat
  2497 | D:4      | Found Curghump's Neck Hole.
  2605 | D:4      | Noticed a phantom
  2624 | D:4      | Killed a phantom
  2625 | D:4      | Gained mutation: You regenerate a little health from kills.
                  | [demonic ancestry]
  2625 | D:4      | Reached XP level 6. HP: 23/46 MP: 6/6
  2746 | D:4      | Found a sparkling altar of Nemelex Xobeh.
  3075 | D:4      | Found a stormy altar of Qazlal.
  3076 | D:4      | Found a hazy altar of Hepliaklqana.
  3083 | D:4      | Became a worshipper of Qazlal Stormbringer
  3169 | D:5      | Entered Level 5 of the Dungeon
  3172 | D:5      | Noticed a water moccasin
  3178 | D:5      | Killed a water moccasin
  3194 | D:5      | Reached skill level 1 in Invocations
  3205 | D:5      | Gained mutation: You are mostly covered in icy blue scales.
                  | (AC +3) [demonic ancestry]
  3205 | D:5      | Reached XP level 7. HP: 43/52 MP: 7/7
  3420 | D:5      | Identified the +1 short sword "Beetlebane" {protect, Will+
                  | Int+5}
  3688 | D:5      | Reached skill level 5 in Unarmed Combat
  3893 | D:5      | Found Unaet Itto's General Store.
  3901 | D:5      | Bought a +1 helmet of see invisible for 214 gold pieces
  3944 | D:5      | Found a runed translucent door.
  3945 | D:5      | Noticed Crazy Yiuf
  4222 | D:5      | Found Witzyf's Book Shop.
  4307 | D:5      | Found Feceh's Distillery.
  4576 | D:5      | Killed Crazy Yiuf
  4716 | D:5      | Reached skill level 5 in Shapeshifting
  4716 | D:5      | Gained mutation: You have very sharp fingernails. [demonic
                  | ancestry]
  4716 | D:5      | Reached XP level 8. HP: 47/59 MP: 10/10
  4837 | D:6      | Reached * piety under Qazlal
  5167 | D:6      | Reached skill level 6 in Unarmed Combat
  5577 | D:6      | Noticed Pikel
  5595 | D:6      | Killed Pikel
  5596 | D:6      | Gained mutation: You are completely covered in icy blue
                  | scales. (AC +4, rC+) [demonic ancestry]
  5596 | D:6      | Reached XP level 9. HP: 20/66 MP: 12/12
  5794 | D:7      | Noticed Prince Ribbit
  5795 | D:7      | Identified the +10 long sword of Beogh's Brutal Revenge
                  | {flame, Str+3 Dex+3}
  5812 | D:7      | Killed Prince Ribbit
  5817 | D:7      | Reached skill level 5 in Invocations
  5973 | D:7      | Reached skill level 5 in Fighting
  6044 | D:7      | Reached skill level 7 in Unarmed Combat
  6047 | D:7      | Reached skill level 5 in Dodging
  6336 | D:7      | Reached skill level 1 in Long Blades
  6404 | D:7      | Found a runed translucent door.
  6462 | D:7      | Identified the +7 ring mail of the Vaults {Drain Fly
                  | Stlth+}
  6946 | D:7      | Reached ** piety under Qazlal
  7003 | D:7      | Identified the ring "Asche" {rElec SInv}
  7009 | D:7      | Gained mutation: Spells you cast may paralyse nearby
                  | enemies. [demonic ancestry]
  7009 | D:7      | Reached XP level 10. HP: 71/74 MP: 14/14
  7125 | D:8      | Identified the +6 quarterstaff "Tosheot" {drain, rN+ Str+4}
  7191 | D:8      | Identified the +5 scale mail of the Nexus {Int+4 Dex-5}
  7215 | D:8      | Reached skill level 8 in Unarmed Combat
  7247 | D:8      | Reached *** piety under Qazlal
  7278 | D:8      | Found a staircase to the Lair.
  7293 | D:8      | Identified the +0 hat of Wrong Decisions {rN++ Will- Dex+3
                  | Stlth+}
  7581 | D:8      | Found a bloodstained altar of Trog.
  7800 | D:9      | Noticed a two-headed ogre
  7815 | D:9      | Killed a two-headed ogre
  7816 | D:9      | Reached XP level 11. HP: 75/83 MP: 16/16
  8030 | D:9      | Identified the +0 ring mail of Waurhyasirr {Contam Str+5
                  | Dex+5}
  8213 | D:9      | Found a shadowy altar of Dithmenos.
  8237 | D:9      | Found a sacrificial altar of Ru.
  8238 | D:9      | Found a shimmering blue altar of Sif Muna.
  8239 | D:9      | Found an iron altar of Okawaru.
  8240 | D:9      | Found a burning altar of Makhleb.
  8334 | D:9      | Identified the +1 chain mail of the Blessed Realm {rPois
                  | Regen+}
  8536 | D:10     | Entered Level 10 of the Dungeon
  8606 | D:10     | Noticed Sonja
  8610 | Abyss:1  | Cast into level 1 of the Abyss (Sonja)
  8659 | Abyss:1  | Noticed a sixfirhy
  8667 | Abyss:1  | Killed a sixfirhy
  8667 | Abyss:1  | Reached **** piety under Qazlal
  8668 | Abyss:1  | Noticed a thrashing horror
  8683 | Abyss:1  | Killed a thrashing horror
  8684 | Abyss:1  | Reached skill level 9 in Unarmed Combat
  8797 | Abyss:1  | Noticed a starcursed mass
  8797 | Abyss:1  | Noticed a starcursed mass
  8810 | Abyss:1  | Paralysed by accursed screaming for 2 turns
  8903 | Abyss:1  | Noticed a large abomination
  8916 | Abyss:1  | HP: 3/83 [large abomination (29)]
  8920 | Abyss:1  | Killed a large abomination
  8938 | Abyss:1  | Noticed a reaper
  8945 | Abyss:1  | Demolished by a reaper

Illustrated notes

Levels and vault maps discovered:
D:1:      matt_arrival_los_fun, layout_basic, amcnicky_mini_rare_corridor_liquid
D:2:      layout_loops_cross, uniq_robin
D:3:      layout_loops_ring, nicolae_overflow_crystal_walls
D:4:      layout_loops_ring, mainiacjoe_overflow_24_doors,
          nemelex_xobeh_ov_fountains_minmay, gammafunk_temple_overflow_statue,
          minmay_temple_entry_from_below_a, nicolae_shop_sticking_my_neck_out
D:5:      layout_basic, serial_shops, shop_fountains, shop, shop,
          grunt_decor_arrowhead, uniq_crazy_yiuf_cottage
D:6:      layout_rooms, lemuel_coloured_pillars_altar, uniq_pikel
D:7:      layout_cave_pods, minmay_holes, chequers_jeans,
          lightli_church_of_beogh, uniq_prince_ribbit1
D:8:      layout_rooms, mainiacjoe_overflow_surrounded_room,
          erik_lair_orcish_takeover, the_hattery
D:9:      layout_cave_pools, nicolae_dithmenos_through_a_glass_darkly,
          mainiacjoe_overflow_alcove_3
D:10:     layout_roguey, general_overflow_altar, kennysheep_mini, orc_0_dummy,
          special_room [special_room_bee], kennysheep_dice, uniq_sonja,
          uniq_harold
Abyss:1:  base:
D:7

Skill      XL: |  1  2  3  4  5  6  7  8  9 10 11 |
---------------+----------------------------------+-----
Dodging        | 2 3 4 5 6 |  6.4
Unarmed Combat | 3 4 5 6 7 8 9 |  9.2
Shapeshifting  | 3 4 5 6 7 8 |  8.5
Fighting       | 2 3 4 5 6 |  6.9
Invocations    | 1 2 4 5 7 |  7.8
Long Blades    | 1 3 4 |  4.0

Action                     |  1- 3 |  4- 6 |  7- 9 | 10-12 || total
---------------------------+-------+-------+-------+-------++-------
  Melee: Unarmed           |   121 |   147 |    33 |       ||   301
         Punch             |     3 |     1 |    16 |     7 ||    27
         Short sword       |       |       |   285 |       ||   285
         Long sword        |       |       |   109 |   202 ||   311
         Quarterstaff      |       |       |     2 |       ||     2
  Evoke: Wand              |       |     3 |     4 |       ||     7
    Use: Potion            |       |       |     1 |     3 ||     4
         Scroll            |       |       |       |     3 ||     3
   Stab: Sleeping          |     2 |     1 |       |       ||     3
 Armour: Animal skin       |    61 |    47 |       |       ||   108
         Leather armour    |       |    30 |   263 |       ||   293
         Ring mail         |       |       |    55 |   196 ||   251
  Dodge: Dodged            |    70 |    72 |   344 |   163 ||   649
  Block: Other             |       |       |    17 |    52 ||    69

Table legend: (Time is in decaauts)
 A = Elapsed time spent in this place.
 B = Non-inter-level travel time spent in this place.
 C = Inter-level travel time spent in this place.
 D = Time resting spent in this place.
 E = Time spent auto-exploring this place.
 F = Levels seen in this place.
 G = Mean time per level.
                   A        B        C        D        E       F      G
               +--------+--------+--------+--------+--------+-----+--------+
         Total |   9015 |   8786 |    229 |    434 |   6408 |  11 |  819.5 |
       Dungeon |   8673 |   8444 |    229 |    279 |   6345 |  10 |  867.3 |
         Abyss |    341 |    341 |      0 |    155 |     63 |   1 |  341.0 |
               +--------+--------+--------+--------+--------+-----+--------+

Top non-repeatable levels by time:
     D:5: 1563 daAuts
     D:7: 1342 daAuts
     D:4: 1111 daAuts
     D:6: 1035 daAuts
     D:9: 844 daAuts
     D:1: 701 daAuts
     D:2: 692 daAuts
     D:8: 654 daAuts
     D:3: 645 daAuts
 Abyss:1: 341 daAuts
    D:10: 82 daAuts
